 Dungeon Crawl Stone Soup version 0.21.1-1-g345015f (webtiles) character file.

259 Supreme the Conjurer (level 5, 38/38 HPs)
             Began as a Demigod Conjurer on Mar 30, 2018.
             Quit the game on level 4 of the Dungeon on Mar 31, 2018.
             The game lasted 00:47:38 (1877 turns).

Supreme the Conjurer (Demigod Conjurer)             Turns: 1877, Time: 00:47:39

Health: 38/38      AC:  3    Str: 11    XL:     5   Next: 62%
Magic:  1/10       EV: 12    Int: 21    God:
Gold:   119        SH:  0    Dex: 16    Spells: 1/7 levels left

rFire    . . .     SeeInvis .   m - +2 dagger (speed)
rCold    + . .     Gourm    .   (no shield)
rNeg     . . .     Faith    .   a - +0 robe
rPois    .         Spirit   .   I - +0 helmet
rElec    .         Reflect  .   (no cloak)
rCorr    .         Harm     .   (no gloves)
MR       .....                  (no boots)
Stlth    ++........             (no amulet)
HPRegen  0.12/turn              q - ring of protection from cold
MPRegen  0.12/turn              (no ring)

@: no status effects
A: high mp 1
a: no special abilities


You were on level 4 of the Dungeon.
You were not hungry.

You visited 1 branch of the dungeon, and saw 5 of its levels.

You collected 119 gold pieces.

Inventory:

Hand Weapons
 e - a +0 short sword
 i - a +0 dagger
 m - a +2 dagger of speed (weapon)
 p - a +0 short sword
 r - a +0 short sword
 s - a +0 dagger
 v - a +0 hand axe
 B - a +0 hunting sling
 G - a +0 rapier
 H - a +0 short sword
 J - a +0 dagger
 K - a +0 dagger
 M - a +0 short sword
Missiles
 d - 124 stones (quivered)
 y - 2 tomahawks
Armour
 a - a +0 robe (worn)
 t - a +0 robe
 z - a +0 buckler
 A - a +0 robe
 I - a +0 helmet (worn)
 L - a +0 robe
Jewellery
 o - an uncursed ring of protection from cold
 q - a ring of protection from cold (left hand)
 w - an uncursed amulet of faith
 x - an uncursed ring of teleportation
Scrolls
 f - a scroll of teleportation
 h - 2 scrolls of fog {unknown}
 j - a scroll of enchant weapon
 l - 2 scrolls of identify
 D - a scroll of noise {unknown}
 E - 2 scrolls of amnesia {unknown}
 F - a scroll of blinking {unknown}
Potions
 k - a potion of haste {unknown}
 n - a potion of heal wounds {unknown}
 u - 2 potions of brilliance {unknown}
 C - a potion of degeneration {unknown}
Books
 b - a book of Conjurations

   Spells                             Type                      Level
   a - Magic Dart                     Conjuration                  1
   b - Searing Ray                    Conjuration                  2
   c - Dazzling Spray                 Conjuration/Hexes            3
   d - Fulminant Prism                Conjuration/Hexes            4
   e - Force Lance                    Conjuration/Translocation    4
   f - Iskenderun's Mystic Blast      Conjuration                  4
Comestibles
 c - 9 rations
 g - 7 chunks of flesh


   Skills:
 * Level 1.1 Short Blades
 - Level 0.1 Slings
 - Level 1.8 Dodging
 + Level 2.3 Stealth
 - Level 4.0 Shields
 - Level 1.9 Spellcasting
 - Level 4.3 Conjurations


You had one spell level left.
You knew the following spells:

 Your Spells              Type           Power        Failure   Level  Hunger
a - Magic Dart            Conj           ###.         2%          1    #......
b - Searing Ray           Conj           ###...       3%          2    ##.....
c - Dazzling Spray        Conj/Hex       ##....       19%         3    ###....


Dungeon Overview and Level Annotations

Branches:
Dungeon (5/15)
 Temple: D:4-7

Annotations:
D:5 Dowan, Duvessa


Innate Abilities, Weirdness & Mutations

You have an increased reservoir of magic. (+10% MP)


Message History

Aim: an orc, wielding a falchion (moderately wounded)
The magic dart hits the orc.
You kill the orc!
An orc comes into view.
Casting: Magic Dart
Confirm with . or Enter, or press ? or * to list all spells.
Aiming: Magic Dart
Press: ? - help, Shift-Dir - straight line, f - orc
Aim: an orc, wielding a short sword The magic dart hits the orc.
The orc is almost dead.
Casting: Magic Dart
Confirm with . or Enter, or press ? or * to list all spells.
Aiming: Magic Dart
Press: ? - help, Shift-Dir - straight line, f/p - orc
Aim: an orc, wielding a short sword (almost dead)
The magic dart hits the orc.
You kill the orc!
You see here a spear.
Are you sure you want to abandon this character and quit the game? (Confirm with "yes".)

###.............# #.........#
####..........# #........##
#..........#####........##
#.......................##
#........................#
########...........##............
..(....#.........................
.......########.....##...........
................@.#......>......#
.......#####....#.##.........#.##
...............).............#...
......s.###..####....#####.......
...).)......## ###..#.....#.....
.....[.....########..#.........##
.......#.............#....##...#
.#####...##..####..........#...##
.#.....#...#.###..##.####........


There were no monsters in sight!

Vanquished Creatures
  A howler monkey (D:4)
  A hound (D:4)
  An orc wizard (D:4)
  A bullfrog skeleton (D:4)
  2 worker ants (D:4)
  3 adders
  An ooze (D:4)
  3 dart slugs
  2 leopard geckos (D:2)
  5 orcs (D:4)
  6 bats
  5 goblins
  4 hobgoblins
  3 jackals (D:1)
  A ball python (D:4)
  5 frilled lizards
  7 kobolds
  3 rats (D:2)
54 creatures vanquished.

Notes
Turn   | Place    | Note
-------+----------+-------------------------------------------
     0 | D:1      | Supreme the Demigod Conjurer began the quest for the Orb.
     0 | D:1      | Reached XP level 1. HP: 14/14 MP: 5/5
   210 | D:1      | Reached XP level 2. HP: 20/20 MP: 1/7
   219 | D:1      | Learned a level 2 spell: Searing Ray
   309 | D:1      | HP: 1/20 [kobold (4)]
   892 | D:2      | Reached XP level 3. HP: 25/26 MP: 0/8
  1058 | D:2      | Found a hazy altar of Hepliaklqana.
  1133 | D:2      | Reached skill level 1 in Shields
  1183 | D:2      | Found a basalt altar of Yredelemnul.
  1360 | D:4      | Reached XP level 4. HP: 32/33 MP: 2/9
  1365 | D:4      | Learned a level 3 spell: Dazzling Spray
  1465 | D:5      | Entered Level 5 of the Dungeon
  1495 | D:5      | Noticed Duvessa
  1495 | D:5      | Noticed Dowan
  1750 | D:4      | Reached XP level 5. HP: 33/38 MP: 7/10
  1836 | D:4      | Reached skill level 1 in Short Blades
  1877 | D:4      | Quit the game

Skill      XL: |  1  2  3  4  5 |
---------------+----------------+-----
Conjurations   | 4 |  4.3
Stealth        | 2 |  2.3
Shields        | 2 3 4 |  4.0
Short Blades   | 1 |  1.1
Slings         | |  0.1
Dodging        | |  1.8
Spellcasting   | |  1.9

Action                   |  1- 3 |  4- 6 || total
-------------------------+-------+-------++-------
Melee: Short sword       |    18 |       ||    18
       Dagger            |     3 |    28 ||    31
 Cast: Magic Dart        |    66 |    27 ||    93
       Searing Ray       |     2 |     3 ||     5
       Dazzling Spray    |       |     1 ||     1
  Use: Scroll            |     4 |       ||     4
       Potion            |       |     2 ||     2
 Stab: Sleeping          |       |     1 ||     1
  Eat: Chunk             |     2 |     2 ||     4
Armor: Robe              |     5 |     1 ||     6
Dodge: Dodged            |    23 |    24 ||    47
